 Dungeon Crawl Stone Soup version 0.29.1-12-g30fa7ad0bf (webtiles) character file.

Game seed: 4238077118388973865

348 hawla the Firebug (level 7, -1/51 HPs)
             Began as a Meteoran Fire Elementalist on Jan 13, 2023.
             Engulfed by a cloud of steam (6 damage)
             ... on level 6 of the Dungeon.
             The game lasted 00:06:08 (717 turns).

hawla the Firebug (Meteoran Fire Elementalist)       Turns: 717, Time: 00:06:08

Health: -1/51      AC:  2    Str: 10    XL:     7   Next: 15%
Magic:  9/14       EV: 13    Int: 19    God:
Gold:   40         SH:  0    Dex: 14    Spells: 7/14 levels left

rFire   . . .      SeeInvis .   m - staff of cold
rCold   + . .      Faith    .   (no shield)
rNeg    . . .      Spirit   .   a - +0 robe
rPois   .          Reflect  .   (no helmet)
rElec   .          Harm     .   (no cloak)
rCorr   .          Rampage  .   (no gloves)
Will    .....                   (no boots)
Stlth   +.........              (no amulet)
HPRegen 0.17/turn               (no ring)
MPRegen 0.14/turn               (no ring)

@: weak-willed, glowing
A: sense surroundings 1, otherworldly, glowing, explore regen
a: no special abilities


You were on level 6 of the Dungeon.
You visited 1 branch of the dungeon, and saw 4 of its levels.

You collected 92 gold pieces.
You spent 52 gold pieces at shops.

Inventory:

Armour
 a - a +0 robe (worn)
Magical Staves
 m - a staff of cold (weapon)
Scrolls
 h - a scroll of teleportation
 l - a scroll of butterflies {unknown}
 n - a scroll of poison {unknown}
Potions
 b - a potion of magic
 e - a potion of resistance
 i - a potion of might


   Skills:
 + Level 0.4 Fighting
 + Level 3.1 Dodging
 - Level 1.4 Stealth
 + Level 4.3 Spellcasting
 + Level 2.5 Conjurations
 + Level 5.2 Fire Magic
 + Level 3.0 Ice Magic
 + Level 3.0 Evocations


You had 7 spell levels left.
You knew the following spells:

 Your Spells              Type           Power      Damage    Failure   Level
a - Foxfire               Conj/Fire      72%        2x1d7     2%          1
b - Scorch                Fire           48%        2d7       2%          2
c - Flame Wave            Conj/Fire      18%        2d7       26%         4

Your spell library contained the following spells:

 Spells                   Type           Power      Damage    Failure   Level
 Conjure Flame            Conj/Fire      18%        6-21      9%          3
 Inner Flame              Hex/Fire       14%        N/A       14%         3


Dungeon Overview and Level Annotations

Branches:
Dungeon (6/15) Zot: 1680
 Temple: D:4-7

Altars:

Shops:
D:2 ?!*?


Innate Abilities, Weirdness & Mutations

You passively map a small area around you.
You are easily found by Zot.
You glow in the dark.
You regain HP and MP as you explore.


Message History

Casting: Flame Wave (quite dangerous; 28% risk of failure)
Press: ? - help, Dir - look around, f - activate A wave of flame ripples out!
The flame wave engulfs the water moccasin!
The water moccasin is moderately wounded.
The flame wave engulfs the adder!
You kill the adder!
The flame wave engulfs the quokka!
You kill the quokka!
The flame wave engulfs something! (Press . to intensify the flame waves.)
You hear a shout!
The water moccasin is engulfed in a cloud of scalding steam.
The water moccasin bites you. Something barely misses you.
A giant cockroach comes into view.
The water moccasin is engulfed in a cloud of scalding steam.
The water moccasin bites you!
Unknown command.
A wave of flame ripples out!
The flame wave engulfs the water moccasin.
You kill the water moccasin!
The flame wave engulfs the orc!
You kill the orc!
The flame wave engulfs something.
The flame wave engulfs the giant cockroach!
You kill the giant cockroach!
You are engulfed in a cloud of scalding steam.
* * * LOW HITPOINT WARNING * * *
Something hits you but does no damage.
Training target 3.0 for Evocations reached!
Training target 3.0 for Ice Magic reached!
Your Ice Magic skill increases to level 3!
Your Evocations skill increases to level 3!
You need to enable at least one skill for training.
You have reached level 7!
Blink to where?
Press: ? - help, Dir - move target
As you read the scroll of blinking, it crumbles to dust.
You are engulfed in a cloud of scalding steam.
You die...

,....[.............
............#...##
...........z#.~~~#*
,
..........#...zz~#*
,
........{.....#§§#~~
~
........#####.#§{#~
<.......# ..#§§# *~
........# .#.#§§# ~
, #...$.z.# .####@§#
, * , ##.#.......#
#~≈# ~* ...#Y#..####
#~B.. * .........
##~..#* ~ .........
*####,* .......... *
, , , , .......... ,
,, * , ....##.... ,
, , ,


You could see a giant cockroach.

Vanquished Creatures
  A water moccasin (D:6)
  A phantom (D:6)
  A bullfrog (D:6)
  A hound (D:6)
  3 adders
  2 dart slugs
  2 orcs (D:6)
  2 ball pythons
  3 bats (D:1)
  5 endoplasms
  2 giant cockroaches
  7 goblins
  8 hobgoblins
  4 quokkas
  2 kobolds
  A rat (D:2)
45 creatures vanquished.

Vanquished Creatures (others)
  80 foxfires
80 creatures vanquished.

Grand Total: 125 creatures vanquished

Notes
Turn   | Place    | Note
-------+----------+-------------------------------------------
     0 | D:1      | hawla the Meteoran Fire Elementalist began the quest for
                  | the Orb.
     0 | D:1      | Reached XP level 1. HP: 14/14 MP: 5/5
    45 | D:1      | Reached XP level 2. HP: 20/20 MP: 3/6
    50 | D:1      | Reached skill level 4 in Fire Magic
    53 | D:1      | Learned a level 2 spell: Scorch
    94 | D:1      | Reached XP level 3. HP: 24/26 MP: 4/8
   123 | D:2      | Found Moweteeb's Assorted Antiques.
   293 | D:2      | Found Duhus's Magic Scroll Boutique.
   301 | D:2      | Bought a scroll of identify for 22 gold pieces
   318 | D:2      | Found Tekhlait's Distillery.
   334 | D:2      | Bought a potion of curing for 30 gold pieces
   415 | D:2      | Reached XP level 4. HP: 22/33 MP: 2/10
   421 | D:2      | Found Pomuygaf's Magic Scroll Emporium.
   619 | D:3      | You fall into a shaft and drop 3 floors!
   644 | D:6      | Noticed a phantom
   650 | D:6      | Killed a phantom
   651 | D:6      | Reached skill level 5 in Fire Magic
   651 | D:6      | Reached XP level 5. HP: 29/39 MP: 3/12
   666 | D:6      | Learned a level 4 spell: Flame Wave
   671 | D:6      | Noticed a bullfrog
   676 | D:6      | Reached skill level 1 in Ice Magic
   676 | D:6      | Reached skill level 1 in Evocations
   676 | D:6      | Reached XP level 6. HP: 44/46 MP: 2/13
   693 | D:6      | Noticed a sky beast
   700 | D:6      | Noticed a water moccasin
   716 | D:6      | Killed a water moccasin
   717 | D:6      | Reached XP level 7. HP: 5/51 MP: 9/14
   717 | D:6      | Engulfed by a cloud of steam

Illustrated notes

Levels and vault maps discovered:
D:1:      evilmike_arrival_crescent, layout_rooms
D:2:      layout_rooms, serial_shops, nicolae_shop_advertising_works
          [nicolae_subvault_shop_adworks], shop, shop, shop,
          minmay_goblin_outpost
D:3:      layout_rooms, nicolae_figureground_pulse
D:6:      layout_rooms, gup_sewer_entry_pipe, due_unseen_surprise

Skill      XL: |  1  2  3  4  5  6 |
---------------+-------------------+-----
Spellcasting   | 3 4 |  4.3
Fire Magic     | 4 5 |  5.2
Conjurations   | 2 |  2.5
Dodging        | 3 |  3.1
Ice Magic      | 1 3 |  3.0
Evocations     | 1 3 |  3.0
Fighting       | |  0.4
Stealth        | |  1.4

Action                   |  1- 3 |  4- 6 |  7- 9 || total
-------------------------+-------+-------+-------++-------
Melee: Unarmed           |     7 |     2 |       ||     9
       Staff             |       |    11 |       ||    11
 Cast: Foxfire           |    36 |    11 |       ||    47
       Scorch            |     2 |     6 |       ||     8
       Flame Wave        |       |     2 |       ||     2
  Use: Scroll            |       |     7 |     1 ||     8
       Potion            |       |     1 |       ||     1
Armor: Robe              |       |     5 |       ||     5
Dodge: Dodged            |    19 |    19 |       ||    38
